 Dungeon Crawl Stone Soup version 0.29.1-12-g30fa7ad0bf (webtiles) character file.

Game seed: 8686475601498825539

73 GigaChad the Covered (level 4, -1/40 HPs)
             Began as a Minotaur Fighter on Dec 13, 2022.
             Slain by a gnoll
             ... wielding a +0 spear
              (8 damage)
             ... on level 2 of the Dungeon.
             The game lasted 00:02:43 (1040 turns).

GigaChad the Covered (Minotaur Fighter)             Turns: 1040, Time: 00:02:43

Health: -1/40      AC:  7    Str: 23    XL:     4   Next: 8%
Magic:  3/3        EV: 13    Int:  5    God:
Gold:   58         SH:  4    Dex:  9    Spells: 3/3 levels left

rFire   . . .      SeeInvis .   a - +0 war axe
rCold   . . .      Faith    .   c - +0 buckler
rNeg    . . .      Spirit   .   b - +0 scale mail
rPois   .          Reflect  .   (helmet restricted)
rElec   .          Harm     .   (no cloak)
rCorr   .          Rampage  .   (no gloves)
Will    .....                   (no boots)
Stlth   ..........              (no amulet)
HPRegen 0.13/turn               h - +4 ring of evasion
MPRegen 0.08/turn               (no ring)

@: no status effects
A: horns 2, retaliatory headbutt
a: no special abilities


You were on level 2 of the Dungeon.
You visited 1 branch of the dungeon, and saw 2 of its levels.

You collected 58 gold pieces.

Inventory:

Hand Weapons
 a - a +0 war axe (weapon)
Missiles
 n - 4 javelins (quivered)
Armour
 b - a +0 scale mail (worn)
 c - a +0 buckler (worn)
Jewellery
 e - an amulet of magic regeneration
 h - a +4 ring of evasion (left hand)
 j - an amulet of guardian spirit
 s - a ring of fire
 t - a ring of see invisible
Scrolls
 g - a scroll of identify
 i - a scroll of teleportation {unknown}
 m - a scroll of blinking
 o - a scroll of silence {unknown}
 r - a scroll of vulnerability {unknown}
Potions
 d - 2 potions of might
 f - a potion of brilliance {unknown}
 k - a potion of resistance {unknown}
 l - 2 potions of haste {unknown}
 p - a potion of curing {unknown}
 q - 3 potions of heal wounds {unknown}


   Skills:
 + Level 3.9 Fighting
 + Level 3.3 Axes
 + Level 4.7 Armour
 + Level 4.2 Shields


You had 3 spell levels left.
You didn't know any spells.
Your spell library was empty.

Dungeon Overview and Level Annotations

Branches:
Dungeon (2/15)

Altars:

Annotations:
D:2 Robin


Innate Abilities, Weirdness & Mutations

You have a pair of horns on your head.
You reflexively headbutt those who attack you in melee.


Message History

You hit the hobgoblin but do no damage. You hit the goblin but do no damage.
You hit the gnoll. You closely miss the goblin. You barely miss the goblin.
Robin says, "A pitiful Minotaur like you will never find the ORB!"
A gnoll comes into view. It is wielding a +0 flail.
The gnoll hits you but does no damage. The goblin hits you with a +0 club. x2
You block the hobgoblin's attack. The goblin misses you.
You furiously retaliate!
You headbutt the goblin!
You kill the goblin!
The gnoll shouts!
You hit the gnoll but do no damage. Your headbutt misses the gnoll.
The gnoll is moderately wounded.
You closely miss the goblin. You barely miss the goblin.
You barely miss the hobgoblin. The gnoll hits you with a +0 club.
The goblin closely misses you. You furiously retaliate!
You headbutt the goblin!
You kill the goblin!
The hobgoblin hits you but does no damage.
A goblin comes into view. It is wielding a +0 club.
The goblin barely misses you. The hobgoblin closely misses you.
The goblin hits you with a +0 club.
* * * LOW HITPOINT WARNING * * *
Robin closely misses you.
You barely miss the gnoll.
The goblin shouts!
You headbutt the gnoll!
You kill the gnoll!
You closely miss the goblin. You barely miss the hobgoblin. You slash Robin!
The goblin completely misses you. Robin hits you but does no damage.
You feel drained. The hobgoblin misses you.
Your life force feels restored.
You have reached level 4!
You feel stronger. The gnoll barely misses you. Robin misses you.
Things that are here:
a +0 club; a gnoll corpse The hobgoblin attacks as you move away!
The hobgoblin hits you with a +0 hand axe.
* * * LOW HITPOINT WARNING * * *
The gnoll hits you from afar with a +0 spear!
You die...

#.. #....... #)# #......
#.# #.....# #.# ..g..#
#.# . .g..# #..
##.######gg# ### ###
........gg.# #.# #.
.......@g..####.# #.
.......)))...)..# #.
###..........##.########
#...?......##.........
#..........#########..
#.#+###....# ###.. #.
#....# #.+.. . ....##
#.#.. +....# #.#..


You could see Robin, 2 gnolls, 2 hobgoblins and a goblin (strong).

Vanquished Creatures
  A gnoll (D:2)
  An adder (D:2)
  3 dart slugs (D:1)
  3 bats (D:1)
  2 endoplasms (D:1)
  9 goblins
  7 hobgoblins (D:1)
  3 quokkas
  7 ball pythons
  A frilled lizard (D:1)
  5 kobolds
  3 rats (D:1)
45 creatures vanquished.

Vanquished Creatures (others)
  20 plants (D:1)
20 creatures vanquished.

Grand Total: 65 creatures vanquished

Notes
Turn   | Place    | Note
-------+----------+-------------------------------------------
     0 | D:1      | GigaChad the Minotaur Fighter began the quest for the Orb.
     0 | D:1      | Reached XP level 1. HP: 19/19 MP: 0/0
    54 | D:1      | Reached XP level 2. HP: 20/27 MP: 1/1
   455 | D:1      | Reached XP level 3. HP: 32/33 MP: 2/2
   464 | D:1      | Found a faded altar of an unknown god.
  1029 | D:2      | Noticed Robin
  1039 | D:2      | Reached XP level 4. HP: 10/40 MP: 3/3
  1040 | D:2      | Slain by a gnoll

Illustrated notes

Levels and vault maps discovered:
D:1:      roderic_crop_circles_arrival_small, layout_rooms,
          hellmonk_ecumenical_altar_inner_sanctum, minivault_25,
          minmay_fountain_box, chequers_serial_rivers_room_a,
          dreamdust_princess_corridor, minmay_shallow_snake_nest
D:2:      layout_basic, uniq_terence, uniq_crazy_yiuf_cottage, uniq_robin

Skill      XL: |  1  2  3 |
---------------+----------+-----
Armour         | 4 |  4.7
Shields        | 4 |  4.2
Axes           | 3 |  3.3
Fighting       | |  3.9

Action                   |  1- 3 |  4- 6 || total
-------------------------+-------+-------++-------
Melee: War axe           |    57 |       ||    57
       Headbutt          |     8 |       ||     8
  Use: Scroll            |     1 |       ||     1
Armor: Scale mail        |    33 |       ||    33
Dodge: Dodged            |    53 |     2 ||    55
Block: Buckler           |    30 |       ||    30
